Map: Dusk Towers

Players

백단

  • Race: Zerg Zerg
  • League: Diamond

ILLBdA - Winner!

  • Race: Protoss Protoss
  • League: Diamond

VOD

Have the link to the VOD?

Description

Time

  • Played on: Dec. 17, 2015, 3:05 a.m.
  • Length: 15:09
Show
View Real Time Build Order
Export as new Build Order

백단 Zerg 

Build Orders: Hatch First 

Get SALT Encoding   

  12  0:00  Drone  
  13  0:08  Drone  
  14  0:17  Overlord  
  14  0:36  Drone x3  
  17  0:49  Drone  
  18  1:06  Hatchery  
  18  1:08  Drone, Extractor  
  18  1:09  Drone  
  18  1:21  Spawning Pool  
  18  1:23  Drone  
  18  1:30  Drone  
  19  1:40  Overlord  
  19  2:01  Hatchery  
  19  2:04  Drone x2  
  20  2:10  Queen  
  22  2:21  Metabolic Boost, Overlord  
  23  2:36  Drone  
  23  2:37  Drone  
  25  2:46  Drone, Queen  
  28  3:05  Drone  
  29  3:08  Hatchery  
  29  3:12  Drone  
  29  3:13  Queen  
  29  3:15  Drone  
  29  3:17  Drone  
  33  3:21  Drone x3  
  36  3:30  Drone x2  
  38  3:35  Overlord  
  38  3:40  Pneumatized Carapace  
  38  3:41  Drone  
  38  3:45  Drone  
  40  3:58  Drone x4  
  44  4:04  Drone  
  44  4:05  Extractor  
  44  4:06  Extractor  
  44  4:09  Drone  
  44  4:11  Drone  
  44  4:12  Extractor  
  44  4:22  Zergling x6  
  47  4:33  Drone x3  
  50  4:45  Roach Warren  
  49  4:54  Drone  
  49  4:55  Drone  
  49  4:56  Drone x2  
  49  4:59  Hatchery  
  52  5:01  Drone  
  52  5:05  Drone x2  
  52  5:06  Drone x3  
  58  5:10  Lair  
  58  5:11  Spore Crawler  
  57  5:14  Drone  
  57  5:18  Overlord x4  
  57  5:34  Drone  
  58  5:40  Drone  
  58  5:41  Drone x10  
  66  5:44  Spine Crawler  
  66  5:45  Drone x2  
  66  5:46  Evolution Chamber  
  66  5:47  Evolution Chamber  
  57  5:50  Burrow  
  57  5:54  Roach  
  59  5:57  Roach  
  59  5:58  Roach  
  59  6:00  Roach x2  
  59  6:02  Roach x2  
  65  6:07  Roach x2  
  63  6:12  Roach  
  63  6:16  Roach  
  67  6:24  Roach  
  67  6:26  Roach  
  67  6:27  Roach  
  67  6:31  Roach  
  73  6:33  Glial Reconstitution  
  73  6:40  Drone  
  73  6:41  Drone  
  73  6:42  Drone  
  73  6:47  Drone x2  
  78  6:57  Drone x6  
  84  7:01  Spine Crawler  
  84  7:05  Spore Crawler  
  82  7:08  Queen  
  82  7:10  Drone  
  82  7:12  Drone  
  82  7:14  Ravager  
  82  7:15  Ravager x4  
  91  7:16  Ravager  
  91  7:17  Ravager x2  
  91  7:19  Drone  
  95  7:25  Drone  
  96  7:48  Overlord x4  
  96  7:50  Overseer  
  96  8:06  Zergling x2, Queen x2  
  96  8:07  Zergling x32  
  96  8:09  Ravager x4  
  96  8:10  Ravager x2  
  123  8:20  Extractor  
  123  8:21  Extractor  
  123  8:22  Zergling x12  
  123  8:23  Drone  
  128  8:28  Overlord  
  128  8:46  Queen  
  127  8:54  Zergling x2  
  127  8:55  Zergling x12  
  124  9:00  Zergling x2  
  124  9:01  Zergling x12  
  127  9:04  Zergling x6  
  127  9:06  Overseer x2  
  127  9:07  Zergling x4  
  127  9:08  Zergling x2  
  133  9:13  Drone  
  133  9:14  Spire  
  133  9:15  Zerg Ground Armor Level 1  
  133  9:16  Zerg Melee Weapons Level 1  
  133  9:18  Drone x3  
  136  9:34  Queen  
  136  9:38  Zergling x22  
  116  9:41  Zergling x2  
  102  9:46  Zergling x16  
  102  9:51  Zergling x4  
  101  10:00  Drone  
  101  10:03  Drone x4  
  106  10:12  Overlord x2  
  106  10:16  Hatchery  
  105  10:33  Drone x3  
  105  10:34  Drone x13  
  111  11:13  Mutalisk  
  111  11:14  Mutalisk x11  
  111  11:15  Spine Crawler  
  134  11:18  Spore Crawler  
  133  11:29  Mutalisk x4  
  141  11:40  Spore Crawler, Extractor  
  141  11:41  Extractor  
  141  11:42  Drone x2, Spine Crawler  
  141  11:43  Spine Crawler  
  141  11:44  Drone x2  
  140  11:56  Zerg Flyer Weapons Level 1  
  130  12:20  Mutalisk  
  125  12:28  Spine Crawler  
  125  12:29  Drone x4, Spine Crawler  
  119  12:33  Spine Crawler x2  
  119  12:34  Spine Crawler  
  105  12:38  Zergling x6  
  105  12:39  Zergling x22  
  105  12:40  Zergling x4  
  105  12:43  Drone  
  119  12:47  Overlord x3  
  119  12:50  Drone x3  
  114  12:51  Drone x2  
  114  12:54  Drone x2  
  112  13:03  Zergling x4  
  108  13:09  Roach  
  108  13:10  Roach x3  
  101  13:13  Mutalisk x2  
Show
View Real Time Build Order
Export as new Build Order

ILLBdA Protoss - Winner!

Build Orders: Nexus First 

Get SALT Encoding   

  12  0:01  Probe (Chrono Boost)  
  13  0:11  Probe (Chrono Boost)  
  14  0:20  Pylon  
  14  0:22  Probe (Chrono Boost)  
  15  0:38  Probe (Chrono Boost)  
  16  0:48  Probe (Chrono Boost)  
  17  0:58  Nexus  
  17  1:08  Gateway  
  17  1:11  Probe (Chrono Boost)  
  18  1:16  Assimilator  
  18  1:22  Assimilator  
  18  1:26  Probe (Chrono Boost)  
  19  1:36  Probe (Chrono Boost)  
  21  1:47  Probe (Chrono Boost)  
  21  1:49  Pylon  
  21  1:55  Zealot (Chrono Boost)  
  23  2:11  Probe  
  24  2:17  Cybernetics Core  
  24  2:24  Probe x2 (Chrono Boost)  
  26  2:36  Probe (Chrono Boost)  
  26  2:37  Probe (Chrono Boost)  
  28  2:46  Probe (Chrono Boost)  
  28  2:47  Probe (Chrono Boost)  
  30  2:55  Adept (Chrono Boost)  
  30  2:56  Warp Gate  
  30  2:57  Mothership Core  
  34  3:02  Pylon  
  34  3:05  Probe  
  35  3:17  Probe  
  35  3:18  Probe  
  39  3:20  Sentry (Chrono Boost)  
  39  3:27  Probe  
  39  3:30  Probe  
  41  3:34  Gateway  
  41  3:36  Gateway  
  41  3:41  Robotics Facility  
  41  3:46  Probe, Adept (Chrono Boost)  
  41  3:47  Probe  
  45  3:57  Assimilator  
  45  4:01  Probe, Assimilator  
  45  4:02  Probe  
  46  4:03  Pylon  
  46  4:09  Sentry (Chrono Boost)  
  49  4:12  Probe  
  49  4:13  Probe  
  51  4:24  Probe x2 (Chrono Boost)  
  51  4:28  Warp Prism (Chrono Boost)  
  55  4:33  Robotics Bay  
  55  4:38  Probe  
  56  4:56  Pylon  
  56  5:02  Adept x2  
  60  5:07  Probe  
  60  5:11  Observer (Chrono Boost)  
  62  5:23  Sentry  
  63  5:29  Disruptor (Chrono Boost)  
  65  5:39  Adept x2  
  69  5:43  Probe  
  70  6:02  Probe  
  69  6:04  Nexus, Pylon  
  69  6:05  Forge, Pylon  
  69  6:07  Twilight Council, Pylon  
  69  6:08  Disruptor (Chrono Boost)  
  69  6:09  Zealot  
  68  6:11  Zealot  
  68  6:14  Adept  
  70  6:22  Pylon  
  70  6:23  Pylon  
  66  6:37  Probe  
  66  6:39  Immortal (Chrono Boost)  
  71  6:49  Resonating Glaives (Chrono Boost)  
  71  6:50  Protoss Ground Weapons Level 1  
  71  6:53  Gravitic Drive  
  71  6:55  Adept  
  71  6:56  Probe, Adept x2  
  78  7:05  Pylon  
  78  7:08  Pylon  
  78  7:10  Gateway  
  78  7:11  Pylon  
  78  7:12  Gateway  
  78  7:14  Gateway  
  78  7:15  Gateway  
  78  7:19  Immortal  
  78  7:21  Probe  
  83  7:23  Probe  
  83  7:29  Assimilator  
  84  7:35  Adept  
  84  7:36  Adept  
  88  7:44  Sentry  
  90  7:45  Probe  
  89  7:52  Pylon  
  89  7:54  Pylon  
  87  8:04  Gateway  
  87  8:05  Gateway  
  87  8:06  Gateway  
  87  8:09  Gateway  
  87  8:14  Sentry x5  
  97  8:22  Immortal  
  97  8:24  Probe  
  102  8:29  Stalker  
  104  8:45  Sentry x2  
  89  9:00  Disruptor  
  85  9:03  Sentry x3  
  85  9:06  Adept  
  85  9:09  Probe  
  93  9:12  Assimilator  
  94  9:19  Gateway x2  
  94  9:20  Probe  
  94  9:23  Adept x2  
  94  9:24  Adept  
  94  9:39  Adept x4  
  94  9:40  Adept  
  98  9:47  Adept x2  
  94  9:54  Probe  
  95  10:02  Disruptor  
  95  10:05  Protoss Ground Weapons Level 2  
  95  10:07  Templar Archives  
  92  10:08  Adept x4  
  92  10:09  Adept  
  102  10:19  Pylon  
  102  10:20  Pylon  
  102  10:22  Pylon  
  102  10:24  Pylon  
  102  10:30  Zealot  
  102  10:31  Zealot x3  
  102  10:32  Probe  
  114  10:45  High Templar x4  
  114  10:46  High Templar  
  114  10:49  Archon  
  124  10:50  Archon  
  124  10:51  High Templar x2  
  124  10:55  Archon  
  124  10:56  Zealot x3  
  124  10:57  Zealot  
  131  11:08  Zealot x2  
  125  11:13  High Templar  
  125  11:17  Archon  
  127  11:20  Zealot  
  127  11:21  Zealot x2  
  133  11:27  Disruptor (Chrono Boost)  
  133  11:31  Zealot  
  133  11:32  Zealot x3  
  130  11:37  Stalker x2  
  130  11:38  Stalker x3  
  132  11:43  Photon Cannon  
  132  11:45  Photon Cannon  
  132  12:02  Photon Cannon  
  132  12:03  Photon Cannon  
  132  12:06  Adept x4  
  134  12:23  Zealot x3  
  134  12:24  Zealot x2  
  134  12:25  Zealot  
  121  12:38  Zealot x2  
  122  12:47  Zealot x2  
  118  13:09  High Templar x3  
  118  13:10  High Templar x4  
  118  13:11  High Templar  
  130  13:13  Archon x2  
  130  13:14  Archon  
  124  13:22  Probe  
  124  13:23  Probe  
  124  13:49  Warp Prism (Chrono Boost)  
  124  13:55  High Templar x4  
  124  13:59  Archon x2  
  124  14:04  Zealot  
  124  14:05  Zealot x6  
  124  14:06  Zealot x2  
  124  14:11  Probe  
  124  14:28  Pylon  
  124  14:52  Zealot x4  
  124  14:53  Zealot x5  
  124  14:54  Zealot x4  
Tags
 
Add a new tag
Caveats
  • Supply blocks, unpowered buildings, or Contaminate may cause inaccurate times.
  • Supply counts are checked every 10 seconds.